Unix NetHack Version 3.7.0-53 Work-in-progress - last build Apr 1 2022 12:02:44 (7e311aa8f678825fd515f266b121b8a7a7199ace,branch:master). Game began 2022-04-03 16:19:17, ended 2022-04-03 16:33:35. Gandelf, neutral male human Monk ---------------- |..............| ------- |....>.........| |.....| |..............| #......| ----------- |..............| #|.....| |.[)[.[[%[| ---|----------|- #|.....-# |.[[[[[[[[| # # #-------####### |.[)[[[[[)| #### # # # |@.[&d[[[)| # # ### ##-.[m@[[[[[| # ## ## ----------- # ### ----------------# # -----.---- |..............|# # |........-#### |.....{.........# ---|-- |........| ###########...............| |....| |........| |..........!...| |....| |......).| ---------------- |.<... |........| |....| ---------- ------ Gandelf the Novice St:17 Dx:12 Co:11 In:16 Wi:11 Ch:8 Neutral S:724 Dlvl:4 $:0 HP:0(39) Pw:19(19) AC:3 Xp:4/131 T:2148 Weak Latest messages: You hit the small mimic! You hit the small mimic! The small mimic hits! You kill the small mimic! You see here a small mimic corpse (for sale, 13 zorkmids). You see here an orcish ring mail (for sale, 120 zorkmids). You see here a chain mail (for sale, 100 zorkmids). You see here a trident (for sale, 20 zorkmids). You see here a pole sickle (for sale, 7 zorkmids). You see here a ring mail (for sale, 133 zorkmids). The kitten picks up a pair of leather gloves. You see here a ring mail (for sale, 133 zorkmids). The kitten drops a pair of leather gloves. You see here a ring mail (for sale, 133 zorkmids). You see here a ring mail (for sale, 133 zorkmids). You stop. Your kitten is in the way! You see here a ring mail (for sale, 133 zorkmids). You see here a leather armor (for sale, 7 zorkmids). You see here a pair of high boots (for sale, 16 zorkmids). You stop. Your little dog is in the way! The water demon wields a thonged club! The thonged club welds itself to the water demon's claw! The kitten eats a small mimic corpse. You see a tripe ration appear where the kitten was! You are beginning to feel weak. You see here an orcish chain mail (for sale, 100 zorkmids). Wait! That's a large mimic! The water demon swings his thonged club. The water demon just misses! The water demon hits! The water demon bites! The little dog picks up a leather cloak. You cannot escape from the large mimic! You hit the large mimic! The water demon swings his thonged club. The water demon hits! The water demon hits! The water demon bites! The little dog drops a leather cloak. You hit the large mimic! The water demon swings his thonged club. The water demon hits! The water demon hits! You die... Birecik comes and takes all your possessions. Do you want to see what you had when you died? [ynq] (y) y Do you want to see your attributes? [ynq] (y) y Do you want an account of creatures vanquished? [ynaq] (y) y Do you want to see your conduct and achievements? [ynq] (y) y Do you want to see the dungeon overview? [ynq] (y) y Major events: Turn 1: Gandelf the neutral male human Monk entered the dungeon 1406: entered the Gnomish Mines 1407: attained the rank of Novice (level 3) 2148: killed by a water demon Inventory: Amulets U - an uncursed amulet of magical breathing (being worn) Weapons O - a blessed +1 dart B - 18 +0 darts y - 5 cursed -1 darts l - a blessed +0 orcish dagger z - a cursed -2 club n - a +0 spetum Armor a - an uncursed +2 pair of leather gloves (being worn) W - a cursed -1 pair of fumble boots V - an uncursed +0 pair of jumping boots (being worn) o - an uncursed +1 robe (being worn) Comestibles R - an uncursed slime mold g - 6 uncursed apples f - 2 uncursed food rations Q - an uncursed food ration i - 2 uncursed fortune cookies h - 5 uncursed oranges Scrolls M - an uncursed scroll of amnesia I - an uncursed scroll of charging J - an uncursed scroll of confuse monster u - an uncursed scroll of destroy armor D - a blessed scroll of enchant weapon H - a blessed scroll of identify p - 3 uncursed scrolls of identify d - a blessed scroll of light E - a blessed scroll of light m - 3 uncursed scrolls of light C - an uncursed scroll of magic mapping G - an uncursed scroll of remove curse F - an uncursed scroll of teleportation Spellbooks K - an uncursed novel named Pyramids c - a blessed spellbook of protection L - an uncursed spellbook of restore ability Potions e - 3 uncursed potions of water r - an uncursed potion of water v - an uncursed potion of water Tools j - a magic marker (0:61) b - an uncursed towel Gems/Stones P - a cursed worthless piece of violet glass t - a cursed worthless piece of yellow glass S - an uncursed worthless piece of yellowish brown glass Gandelf the Monk's attributes: Background: You were a Novice, a level 4 male human Monk. You were neutral, nominally on a mission for Chih Sung-tzu who was opposed by Shan Lai Ching (lawful) and Huan Ti (chaotic). You were in the Dungeons of Doom, on level 4. You entered the dungeon 2148 turns ago. There was a new moon in effect when your adventure ended. You had 131 experience points, 29 more were needed to attain level 5. Your score was 724 before end-of-game adjustments. Basics: You had 0 out of 39 hit points. You had all 19 energy points (spell power). Your armor class was 3. Your wallet was empty. Autopickup was off. Final Characteristics: Your strength was 17 (base:18, limit:18/100). Your dexterity was 12 (limit:18). Your constitution was 11 (limit:18). Your intelligence was 16 (limit:18). Your wisdom was 11 (limit:18). Your charisma was 8 (limit:18). Final Status: You were held by a large mimic (west). You were weak from severe hunger. You were unencumbered. You were empty handed. You had basic skill with martial arts. Final Attributes: You were devoutly aligned. You were sleep resistant. You were poison resistant. You saw invisible. You could jump. You could survive without air. You were guarded. You were fast. You are dead. Miscellaneous: You never encountered a bones level. Total elapsed playing time was 14 minutes and 18 seconds. Vanquished creatures: a small mimic a shrieker a homunculus a dwarf zombie 2 iguanas an acid blob a red mold 3 gnomes 8 jackals 2 foxes a kobold a goblin 4 sewer rats 2 grid bugs 2 lichens 3 kobold zombies 6 newts 40 creatures vanquished. No species were genocided or became extinct. Voluntary challenges: You followed a strict vegan diet. You were an atheist. You never hit with a wielded weapon. You read items or engraved 1 time. You never engraved Elbereth. You never genocided any monsters. You never polymorphed an object. You never changed form. You used no wishes. Achievements: You entered the Gnomish Mines. You attained the rank of Novice. You entered a shop. The Dungeons of Doom: levels 1 to 5 Level 1: Some fountains. Level 2: Level 3: A scroll shop, a grave. Stairs down to The Gnomish Mines. Level 4: <- You were here. An armor shop, a fountain. Final resting place for you, killed by a water demon. Level 5: The Gnomish Mines: Level 4: Game over: ---------- / \ / REST \ / IN \ / PEACE \ / \ | Gandelf | | 0 Au | | killed by a | | water demon | | | | | | 2022 | *| * * * | * _________)/\\_//(\/(/\)/\//\/|_)_______ Goodbye Gandelf the Monk... You died in The Dungeons of Doom on dungeon level 4 with 724 points, and 0 pieces of gold, after 2148 moves. You were level 4 with a maximum of 39 hit points when you died.